 Dungeon Crawl Stone Soup version 0.31.0-11-ge490571c62 (webtiles) character file.

Game seed: 12073141203909775311

302 qw the Shooter (level 6, -1/30 HPs)
             Began as a Spriggan Hunter on Feb 3, 2024.
             Was an Initiate of Okawaru.
             Killed by divine providence
             ... invoked by an orc priest
              (11 damage)
             ... on level 4 of the Dungeon.
             The game lasted 00:00:56 (2815 turns).

qw the Shooter (Spriggan Hunter)                    Turns: 2815, Time: 00:00:57

Health: -1/30      AC:  3    Str:  7    XL:     6   Next: 14%
Magic:  7/7        EV: 25    Int: 10    God:    Okawaru [......]
Gold:   148        SH:  0    Dex: 21    Spells: 5/5 levels left

rFire   . . .        a - +1 shortbow
rCold   + . .        (shield currently unavailable)
rNeg    . . .        c - +0 robe
rPois   .            (helmet restricted)
rElec   .            f - +0 cloak
rCorr   .            (gloves unavailable)
SInv    +            (boots unavailable)
Will    +....        (no amulet)
Stlth   ++           g - +5 ring of evasion
HPRegen 0.25/turn    h - ring of protection from cold
MPRegen 0.10/turn

%: no passive effects
@: hasted, very quick
A: very small, no large weapons, unfitting armour, see invisible, speed 3
a: Renounce Religion


You were on level 4 of the Dungeon.
You worshipped Okawaru.
Okawaru was noncommittal.
You visited 2 branches of the dungeon, and saw 5 of its levels.

You collected 148 gold pieces.


Innate Abilities, Weirdness & Mutations

You are very small and have problems with some larger weapons.
You are too small for most types of armour.
You have supernaturally acute eyesight. (SInv)
You cover ground extremely quickly. (Speed+++)


   Skills:
 - Level 2.1 Fighting
 - Level 6.4 Ranged Weapons
 + Level 5.0 Dodging
 - Level 1.5 Stealth


You had 5 spell levels left.
You didn't know any spells.
Your spell library was empty.

Inventory:

Hand Weapons
 a - a +1 shortbow (weapon)
Armour
 c - a +0 robe (worn)
 f - a +0 cloak (worn)
Jewellery
 g - a +5 ring of evasion (left hand)
 h - a ring of protection from cold (right hand)
Wands
 i - a wand of paralysis (9)
Scrolls
 d - 4 scrolls of teleportation
Potions
 b - a potion of curing {unknown}
 e - a potion of enlightenment

Dungeon Overview and Level Annotations

Branches:
Dungeon (4/15)             Temple (1/1) D:4

Altars:
Ashenzari
Cheibriados
Dithmenos
Fedhas
Gozag
Kikubaaqudgha
Makhleb
Nemelex Xobeh
Okawaru
Qazlal
Ru
Trog
Uskayaw
Vehumet
Wu Jian
Xom
Zin
The Shining One

Annotations:
D:3 2 transporters


Message History

You shoot an arrow. The arrow hits the phantom.
You destroy the phantom!
Okawaru accepts your kill.
Your Ranged Weapons skill increases to level 6!
You have reached level 6!
An orc and an orc priest come into view.
The orc shouts!
You shoot an arrow. The arrow closely misses the orc.
The orc priest shouts!
An orc priest comes into view. It is wielding a +0 mace.
You shoot an arrow. The arrow barely misses the orc.
The orc priest shouts!
The arrow hits the orc priest but does no damage.
You shoot an arrow. The arrow closely misses the orc.
The arrow barely misses the orc priest.
The orc priest casts a cantrip, but nothing happens.
You shoot an arrow. The arrow hits the orc.
The orc is heavily wounded.
You shoot an arrow.
The arrow hits the orc but does no damage.
The orc is heavily wounded.
The orc priest mumbles some strange prayers to Beogh against you.
Beogh smites you!
You shoot an arrow. The arrow hits the orc.
You kill the orc!
Okawaru accepts your kill.
You shoot an arrow. The arrow barely misses the orc priest.
The orc priest calls down the wrath of Beogh upon you.
Beogh smites you!
You shoot an arrow. The arrow hits the orc priest.
The orc priest is moderately wounded.
You shoot an arrow. The arrow hits the orc priest.
The orc priest is moderately wounded.
You shoot an arrow.
The arrow closely misses the orc priest.
You shoot an arrow. The arrow hits the orc priest.
The orc priest is heavily wounded.
The orc priest invokes the aid of Beogh against you.
Beogh smites you!
You die...

###############
..............#
..............#
..............#
....####...########
....####...####...####+#
....#...........@.o.....
....#.............o.....
....#.............[.....
....#...................
....#..##+#########+######
#######..................#
#..................#
#..................#
#..................#


You could see 2 orc priests.

Vanquished Creatures
  A phantom (D:4)
  An iguana (D:3)
  Natasha (D:3)
  3 gnolls (D:4)
  7 adders
  2 dart slugs
  3 ribbon worms
  3 orcs
  7 endoplasms
  2 giant cockroaches
  6 goblins
  5 hobgoblins
  6 jackals (D:1)
  4 kobolds
  4 quokkas
  6 ball pythons
  6 bats
  6 frilled lizards
  4 rats
77 creatures vanquished.

Notes
Turn   | Place    | Note
-------+----------+-------------------------------------------
     0 | D:1      | qw the Spriggan Hunter began the quest for the Orb.
     0 | D:1      | Reached XP level 1. HP: 10/10 MP: 2/2
     0 | D:1      | 0 ||| qw: Version: 0.3-a-155-g5e7d8dd
     0 | D:1      | 0 ||| qw: Game counter: 3306
     0 | D:1      | 0 ||| qw: Melee chars always use a shield: true
     0 | D:1      | 0 ||| qw: God list: Okawaru
     0 | D:1      | 0 ||| qw: Allow faded altars: false
     0 | D:1      | 0 ||| qw: Do Orc after clearing Dungeon:15 true
     0 | D:1      | 0 ||| qw: Do second Lair branch before Depths: true
     0 | D:1      | 0 ||| qw: Lair rune preference: random
     0 | D:1      | 0 ||| qw: Goals: Normal
     0 | D:1      | 0 ||| PLANNING D:1-11
    83 | D:1      | Reached skill level 3 in Dodging
   127 | D:1      | Reached XP level 2. HP: 14/14 MP: 3/3
   594 | D:1      | Reached XP level 3. HP: 18/18 MP: 4/4
   596 | D:1      | 596 ||| UPGRADING to +5 ring of evasion.
   597 | D:1      | 597 ||| READING scroll labelled GUC ZYKKAETROW.
   598 | D:1      | 598 ||| READING scroll labelled AMICSO ASE.
   599 | D:1      | 599 ||| DROPPING scroll of butterflies.
   828 | D:2      | 828 ||| FLEEEEING.
   829 | D:2      | 829 ||| FLEEEEING.
   830 | D:2      | 830 ||| FLEEEEING.
   831 | D:2      | 831 ||| FLEEEEING.
   833 | D:2      | 833 ||| FLEEEEING.
  1072 | D:2      | Reached skill level 5 in Ranged Weapons
  1317 | D:2      | Reached XP level 4. HP: 22/22 MP: 5/5
  1354 | D:2      | 1354 ||| READING scroll labelled WUBBEX OFFU.
  1355 | D:2      | 1355 ||| READING 5 scrolls labelled EHOUJU JOTITSA.
  1359 | D:2      | 1359 ||| READING scroll labelled RUFUUF TOYSCHEY.
  1360 | D:2      | 1360 ||| READING 2 scrolls labelled UMNAHE OHOE.
  1361 | D:2      | 1361 ||| READING scroll labelled KOEKOHIDGHO.
  1361 | D:2      | 1361 ||| IDENTIFYING white potion
  1362 | D:2      | 1362 ||| READING scroll labelled VUONOK OMNALE.
  1362 | D:2      | 1362 ||| ENCHANTING +0 shortbow.
  1363 | D:2      | 1363 ||| DRINKING 2 fuming cyan potions.
  1364 | D:2      | 1364 ||| DRINKING 3 sedimented sapphire potions.
  1419 | D:2      | 1419 ||| DRINKING 3 purple potions.
  1420 | D:2      | 1420 ||| FLEEEEING.
  1421 | D:2      | 1421 ||| FLEEEEING.
  1422 | D:2      | 1422 ||| FLEEEEING.
  1423 | D:2      | 1423 ||| FLEEEEING.
  1424 | D:2      | 1424 ||| FLEEEEING.
  1425 | D:2      | 1425 ||| FLEEEEING.
  1426 | D:2      | 1426 ||| FLEEEEING.
  1427 | D:2      | 1427 ||| FLEEEEING.
  1428 | D:2      | 1428 ||| FLEEEEING.
  1429 | D:2      | 1429 ||| FLEEEEING.
  1430 | D:2      | 1430 ||| FLEEEEING.
  1431 | D:2      | 1431 ||| FLEEEEING.
  1432 | D:2      | 1432 ||| FLEEEEING.
  1433 | D:2      | 1433 ||| FLEEEEING.
  1434 | D:2      | 1434 ||| FLEEEEING.
  1435 | D:2      | 1435 ||| FLEEEEING.
  1436 | D:2      | 1436 ||| FLEEEEING.
  1437 | D:2      | 1437 ||| FLEEEEING.
  1438 | D:2      | 1438 ||| FLEEEEING.
  1439 | D:2      | 1439 ||| FLEEEEING.
  1440 | D:2      | 1440 ||| FLEEEEING.
  1441 | D:2      | 1441 ||| FLEEEEING.
  1442 | D:2      | 1442 ||| FLEEEEING.
  1443 | D:2      | 1443 ||| FLEEEEING.
  1444 | D:2      | 1444 ||| FLEEEEING.
  1445 | D:2      | 1445 ||| FLEEEEING.
  1446 | D:2      | 1446 ||| FLEEEEING.
  1447 | D:2      | 1447 ||| FLEEEEING.
  1448 | D:2      | 1448 ||| FLEEEEING.
  1449 | D:2      | 1449 ||| FLEEEEING.
  1450 | D:2      | 1450 ||| FLEEEEING.
  1451 | D:2      | 1451 ||| FLEEEEING.
  1452 | D:2      | 1452 ||| FLEEEEING.
  1453 | D:2      | 1453 ||| FLEEEEING.
  1454 | D:2      | 1454 ||| FLEEEEING.
  1455 | D:2      | 1455 ||| FLEEEEING.
  1456 | D:2      | 1456 ||| FLEEEEING.
  1457 | D:2      | 1457 ||| FLEEEEING.
  1458 | D:2      | 1458 ||| FLEEEEING.
  1459 | D:2      | 1459 ||| FLEEEEING.
  1460 | D:2      | 1460 ||| FLEEEEING.
  1461 | D:2      | 1461 ||| FLEEEEING.
  1462 | D:2      | 1462 ||| FLEEEEING.
  1463 | D:2      | 1463 ||| FLEEEEING.
  1464 | D:2      | 1464 ||| FLEEEEING.
  1465 | D:2      | 1465 ||| FLEEEEING.
  1466 | D:2      | 1466 ||| FLEEEEING.
  1467 | D:2      | 1467 ||| FLEEEEING.
  1468 | D:2      | 1468 ||| FLEEEEING.
  1469 | D:2      | 1469 ||| FLEEEEING.
  1470 | D:2      | 1470 ||| FLEEEEING.
  1471 | D:2      | 1471 ||| FLEEEEING.
  1472 | D:2      | 1472 ||| FLEEEEING.
  1473 | D:2      | 1473 ||| FLEEEEING.
  1474 | D:2      | 1474 ||| FLEEEEING.
  1475 | D:2      | 1475 ||| STAIRDANCE
  1577 | D:1      | 1577 ||| DRINKING 2 metallic ruby potions.
  1578 | D:1      | 1578 ||| DROPPING 2 potions of lignification.
  1579 | D:1      | 1579 ||| DROPPING 2 potions of berserk rage.
  1580 | D:1      | 1580 ||| DROPPING potion of brilliance.
  1581 | D:1      | 1581 ||| DROPPING scroll of blinking.
  1830 | D:3      | Found a transporter.
  2040 | D:3      | Found a transporter.
  2052 | D:3      | 2052 ||| UPGRADING to +0 cloak.
  2076 | D:3      | Reached XP level 5. HP: 26/26 MP: 6/6
  2077 | D:3      | Noticed Natasha
  2079 | D:3      | 2079 ||| FLEEEEING.
  2080 | D:3      | 2080 ||| FLEEEEING.
  2081 | D:3      | 2081 ||| FLEEEEING.
  2082 | D:3      | 2082 ||| FLEEEEING.
  2092 | D:3      | Killed Natasha
  2558 | D:3      | 2558 ||| UPGRADING to ring of protection from cold.
  2559 | D:3      | 2559 ||| READING scroll labelled KES TOCVEU.
  2631 | D:4      | Found a staircase to the Ecumenical Temple.
  2632 | D:4      | 2632 ||| PLANNING TEMPLE
  2679 | Temple   | Entered the Ecumenical Temple
  2680 | Temple   | 2680 ||| PLANNING OKAWARU WORSHIP
  2689 | Temple   | Became a worshipper of Warmaster Okawaru
  2690 | Temple   | 2690 ||| PLANNING D:1-11
  2794 | D:4      | Noticed a phantom
  2795 | D:4      | 2795 ||| DRINKING potion of haste.
  2803 | D:4      | Killed a phantom
  2804 | D:4      | Reached skill level 6 in Ranged Weapons
  2804 | D:4      | Reached XP level 6. HP: 30/30 MP: 7/7
  2815 | D:4      | Killed from afar by an orc priest

Levels and vault maps discovered:
D:1:      dpeg_arrival_chambers_temple_mockup, layout_basic, nrook_campfire,
          minivault_19
D:2:      layout_basic, nicolae_wormholes
D:3:      gammafunk_steamed_eel, layout_basic, uniq_natasha
D:4:      layout_gridville, minmay_temple_entry_drinking_statues,
          saegor_snake_ambush
Temple:   mainiacjoe_temple_bowtie_tessellation

Skill      XL: |  1  2  3  4  5 |
---------------+----------------+-----
Dodging        | 3 4 5 |  5.0
Ranged Weapons | 5 6 |  6.4
Fighting       | 2 |  2.1
Stealth        | |  1.5

Action                     |  1- 3 |  4- 6 || total
---------------------------+-------+-------++-------
   Fire: Shortbow          |   102 |   127 ||   229
    Use: Scroll            |     2 |     7 ||     9
         Potion            |       |     5 ||     5
 Armour: Robe              |     7 |     5 ||    12
  Dodge: Dodged            |    32 |    19 ||    51

Table legend:
 A = Non-vault XP
 B = Vault XP
 C = Vault XP percentage of total XP
 D = Non-vault monster count
 E = Vault monster count
 F = Vault count percentage of total count
                 A         B        C        D         E       F
            +---------+---------+-------+---------+---------+-------
      Total |     388 |      44 |  10.2 |      74 |       3 |   3.9
            +---------+---------+-------+---------+---------+-------
        D:1 |      41 |       0 |   0.0 |      25 |       0 |   0.0
        D:2 |      53 |       8 |  13.1 |      16 |       2 |  11.1
        D:3 |     135 |      36 |  21.1 |      24 |       1 |   4.0
        D:4 |     159 |       0 |   0.0 |       9 |       0 |   0.0
            +---------+---------+-------+---------+---------+-------
